AoeStats
← robain6

Four Lakes

509732449Analyzed
1v1 RM · 3d ago on Sep 27, 2026· 30m 43s· 2 players
Game mode
Random Map
Map size
Tiny (2 player)
Population
200
Speed
Normal
Resources
Standard
Victory
Conquest
Starting age
Dark Age
Ending age
Imperial Age
RankedLock teamsTeams togetherTeam positionsShared explorationLock speedFull tech treeHidden civsTurbo modeCheats
Victory
Defeat
🇲🇽 Varangians · Mexico
1035
+16
🇩🇪 Japanese · Germany
1032
-16
robain6
5:41 Loom
12:52 Feudal Age
13:45 Double-Bit Axe
17:51 Castle Age
18:43 Bow Saw
19:20 Fishing Lines
22:16 Stone Mining
22:13 Horse Collar
21:58 Pikeman
22:39 Squires
24:01 Wheelbarrow
26:52 Squires
28:21 Scale Mail Armor
29:21 Chain Mail Armor
G3RM41N
2:43 Loom
10:33 Feudal Age
11:09 Double-Bit Axe
11:28 Fishing Lines
14:36 Bloodlines
17:28 Man-at-Arms
23:41 Castle Age
23:18 Forging
22:59 Horse Collar
24:04 Stone Mining
25:42 Bow Saw
25:28 Gillnets
Connection lost

Rejoining the realm…

Still unreachable

The connection could not be restored.

Session expired

The server has moved on; the page needs a fresh start.